TOP OF THE 1ST |
Mt Pleasant Bearcats batting - Pitching for Penquannock Overrated Jeter : LHP Héctor Díaz
|
Pitching: LHP Héctor Díaz
|
|
Batting: RHB Carlos López
|
0-0: Foul Ball, location: 2F 0-1: Fly out, F7 (Flyball, 7S)
|
Batting: RHB Ryosei Yamamoto
|
0-0: Ball 1-0: Swinging Strike 1-1: Ball 2-1: Ball 3-1: Ground out 4-3 (Groundball, 4S)
|
Batting: RHB Pat Fernández
|
0-0: Ball 1-0: Ball 2-0: Swinging Strike 2-1: Ball 3-1: Base on Balls
|
Batting: RHB Patrick Potts
|
0-0: Ball 1-0: Ball 2-0: Called Strike 2-1: Swinging Strike 2-2: Foul Ball, location: 2F 2-2: Ball 3-2: Foul Ball, location: 2F 3-2: Base on Balls Pat Fernández to second
|
Batting: RHB Ramiro Chávez
|
0-0: Ball 1-0: Ball 2-0: Called Strike 2-1: SINGLE (Flyball, 7S) Pat Fernández to third Patrick Potts to second Runner from 3rd tries for Home, SAFE, no throw
|
Batting: RHB Ricardo Salazar
|
0-0: Ball 1-0: Foul Ball, location: 2F 1-1: Foul Ball, location: 2F 1-2: Foul Ball, location: 2F 1-2: Ground out 5-3 (Groundball, 56)
|
Top of the 1st over - 1 run(s), 1 hit(s), 0 error(s), 2 left on base; Mt Pleasant 1 - Penquannock 0 |
BOTTOM OF THE 1ST |
Penquannock Overrated Jeter batting - Pitching for Mt Pleasant Bearcats : RHP Curt Howard
|
Pitching: RHP Curt Howard
|
|
Batting: SHB Bob Noble
|
0-0: Ball 1-0: Ball 2-0: Ground out 6-3 (Groundball, 6)
|
Batting: RHB Doug Brown
|
0-0: Ball 1-0: Ball 2-0: Swinging Strike 2-1: Foul Ball, location: 2F 2-2: Foul Ball, location: 2F 2-2: Foul Ball, location: 2F 2-2: Ball 3-2: Base on Balls
|
Batting: RHB Armando Pagán
|
0-0: Fielders Choice at 2nd, 4-6 (Groundball, 34)
|
Batting: LHB Pete Weber
|
0-0: Ball Wild Pitch! Armando Pagán to second 1-0: Foul Ball, location: 2F 1-1: Fly out, F8 (Flyball, 8LD)
|
Bottom of the 1st over - 0 run(s), 0 hit(s), 0 error(s), 1 left on base; Mt Pleasant 1 - Penquannock 0 |
TOP OF THE 2ND |
Mt Pleasant Bearcats batting - Pitching for Penquannock Overrated Jeter : LHP Héctor Díaz
|
Batting: SHB Roberto Rivera
|
0-0: Swinging Strike 0-1: Swinging Strike 0-2: Ground out 5-3 (Groundball, 56)
|
Batting: RHB Ichizo Akiyama
|
0-0: Called Strike 0-1: Fly out, F9 (Flyball, 9)
|
Batting: RHB Jeffrey Hicks
|
0-0: Foul Ball, location: 2F 0-1: Foul Ball, location: 2F 0-2: Ball 1-2: Strikes out looking
|
Top of the 2nd over - 0 run(s), 0 hit(s), 0 error(s), 0 left on base; Mt Pleasant 1 - Penquannock 0 |
BOTTOM OF THE 2ND |
Penquannock Overrated Jeter batting - Pitching for Mt Pleasant Bearcats : RHP Curt Howard
|
Batting: LHB Tony Green
|
0-0: Called Strike 0-1: Foul Ball, location: 2F 0-2: Ball 1-2: Strikes out swinging
|
Batting: RHB Manny Perea
|
0-0: Foul Ball, location: 2F 0-1: Ball 1-1: Ball 2-1: SINGLE (Flyball, 89S)
|
Batting: LHB Matt Reese
|
0-0: SINGLE (Groundball, 25) (infield hit) Manny Perea to second
|
Batting: RHB Barton Frazier
|
0-0: Called Strike 0-1: Called Strike 0-2: Ball 1-2: Fly out, F8 (Flyball, 8LM)
|
Batting: SHB Tim Reid
|
0-0: Foul Ball, location: 2F 0-1: Swinging Strike 0-2: Ball 1-2: Strikes out looking
|
Bottom of the 2nd over - 0 run(s), 2 hit(s), 0 error(s), 2 left on base; Mt Pleasant 1 - Penquannock 0 |
TOP OF THE 3RD |
Mt Pleasant Bearcats batting - Pitching for Penquannock Overrated Jeter : LHP Héctor Díaz
|
Batting: RHB Carlos López
|
0-0: Ball 1-0: Foul Ball, location: 2F 1-1: Ball 2-1: Fly out, F3 (Popup, 3L)
|
Batting: RHB Ryosei Yamamoto
|
0-0: Swinging Strike 0-1: Ball 1-1: Ground out 5-3 (Groundball, 56)
|
Batting: RHB Pat Fernández
|
0-0: Ball 1-0: Ball 2-0: Foul Ball, location: 2F 2-1: Ball 3-1: SINGLE (Flyball, 9LS)
|
Batting: RHB Patrick Potts
|
0-0: SINGLE (Line Drive, 78S) Pat Fernández to second
|
Batting: RHB Ramiro Chávez
|
0-0: Called Strike 0-1: Ball 1-1: Foul Ball, location: 2F 1-2: Ball 2-2: Strikes out looking
|
Top of the 3rd over - 0 run(s), 2 hit(s), 0 error(s), 2 left on base; Mt Pleasant 1 - Penquannock 0 |
BOTTOM OF THE 3RD |
Penquannock Overrated Jeter batting - Pitching for Mt Pleasant Bearcats : RHP Curt Howard
|
Batting: SHB Bob Noble
|
0-0: Called Strike 0-1: Ball 1-1: Ball 2-1: Ground out 6-3 (Groundball, 6)
|
Batting: RHB Doug Brown
|
0-0: Ball 1-0: Ball 2-0: SINGLE (Line Drive, 6D)
|
Batting: RHB Armando Pagán
|
0-0: Swinging Strike 0-1: Ground out U3 (Groundball, 3S) Doug Brown to second
|
Batting: LHB Pete Weber
|
0-0: Ball 1-0: Called Strike 1-1: Ball 2-1: Foul Ball, location: 2F 2-2: DOUBLE (Flyball, 8RXD) Doug Brown scores
|
Batting: LHB Tony Green
|
0-0: Ball 1-0: Foul Ball, location: 2F 1-1: Foul Ball, location: 2F 1-2: Fly out, F7 (Flyball, 7LM)
|
Bottom of the 3rd over - 1 run(s), 2 hit(s), 0 error(s), 1 left on base; Mt Pleasant 1 - Penquannock 1 |
TOP OF THE 4TH |
Mt Pleasant Bearcats batting - Pitching for Penquannock Overrated Jeter : LHP Héctor Díaz
|
Batting: RHB Ricardo Salazar
|
0-0: Ground out 3-1 (Groundball, 34S)
|
Batting: SHB Roberto Rivera
|
0-0: Swinging Strike 0-1: Ball 1-1: Foul Ball, location: 2F 1-2: Strikes out looking
|
Batting: RHB Ichizo Akiyama
|
0-0: Called Strike 0-1: DOUBLE (Flyball, 89D)
|
Batting: RHB Jeffrey Hicks
|
0-0: Called Strike 0-1: Foul Ball, location: 2F 0-2: Strikes out swinging
|
Top of the 4th over - 0 run(s), 1 hit(s), 0 error(s), 1 left on base; Mt Pleasant 1 - Penquannock 1 |
BOTTOM OF THE 4TH |
Penquannock Overrated Jeter batting - Pitching for Mt Pleasant Bearcats : RHP Curt Howard
|
Batting: RHB Manny Perea
|
0-0: Foul Ball, location: 2F 0-1: SINGLE (Line Drive, 6D)
|
Batting: LHB Matt Reese
|
0-0: Ball 1-0: Foul Ball, location: 2F 1-1: Foul Ball, location: 2F 1-2: Ball 2-2: Fly out, F8 (Flyball, 8RM)
|
Batting: RHB Barton Frazier
|
0-0: Ball 1-0: Ball 2-0: Foul Ball, location: 2F 2-1: Foul Ball, location: 2F 2-2: Fly out, F8 (Flyball, 8RD)
|
Batting: SHB Tim Reid
|
0-0: Ball 1-0: Foul Ball, location: 2F 1-1: Ball 2-1: Fly out, F8 (Flyball, 89M)
|
Bottom of the 4th over - 0 run(s), 1 hit(s), 0 error(s), 1 left on base; Mt Pleasant 1 - Penquannock 1 |
TOP OF THE 5TH |
Mt Pleasant Bearcats batting - Pitching for Penquannock Overrated Jeter : LHP Héctor Díaz
|
Batting: RHB Carlos López
|
0-0: Ball 1-0: Foul Ball, location: 2F 1-1: Fly out, F5 (Line Drive, 56)
|
Batting: RHB Ryosei Yamamoto
|
0-0: Ball 1-0: DOUBLE (Line Drive, 89D)
|
Batting: RHB Pat Fernández
|
0-0: Swinging Strike 0-1: Ball Ryosei Yamamoto steals 3rd base 1-1: Ball 2-1: Fly out, F5 (Popup, 5L)
|
Pitching: LHP Jason Simpson
|
|
Batting: RHB Patrick Potts
|
0-0: Called Strike 0-1: Foul Ball, location: 2F 0-2: Ball 1-2: Ball 2-2: Foul Ball, location: 2F 2-2: Ball 3-2: Base on Balls
|
Batting: RHB Ramiro Chávez
|
0-0: Foul Ball, location: 2F 0-1: Ball 1-1: Ball 2-1: Foul Ball, location: 2F 2-2: Foul Ball, location: 2F 2-2: Strikes out swinging
|
Top of the 5th over - 0 run(s), 1 hit(s), 0 error(s), 2 left on base; Mt Pleasant 1 - Penquannock 1 |
BOTTOM OF THE 5TH |
Penquannock Overrated Jeter batting - Pitching for Mt Pleasant Bearcats : RHP Curt Howard
|
Batting: SHB Bob Noble
|
0-0: Ball 1-0: Called Strike 1-1: Foul Ball, location: 2F 1-2: Ball 2-2: Foul Ball, location: 2F 2-2: Fly out, F5 (Line Drive, 5L)
|
Batting: RHB Doug Brown
|
0-0: Foul Ball, location: 2F 0-1: Ball 1-1: SINGLE (Groundball, 6MD)
|
Batting: RHB Armando Pagán
|
0-0: Ball 1-0: Ball 2-0: Ball 3-0: Base on Balls Doug Brown to second
|
Batting: LHB Pete Weber
|
0-0: Foul Ball, location: 2F 0-1: Ball 1-1: Ball 2-1: Ball 3-1: Swinging Strike 3-2: Strikes out swinging
|
Pitching: RHP Matt Stevenson
|
|
Batting: LHB Tony Green
|
0-0: Called Strike 0-1: Foul Ball, location: 2F 0-2: Ball 1-2: Ball 2-2: Ball 3-2: Fly out, F7 (Flyball, 7S)
|
Bottom of the 5th over - 0 run(s), 1 hit(s), 0 error(s), 2 left on base; Mt Pleasant 1 - Penquannock 1 |
TOP OF THE 6TH |
Mt Pleasant Bearcats batting - Pitching for Penquannock Overrated Jeter : LHP Jason Simpson
|
Batting: RHB Ricardo Salazar
|
0-0: Ball 1-0: Called Strike 1-1: Called Strike 1-2: Strikes out looking
|
Batting: SHB Roberto Rivera
|
0-0: Called Strike 0-1: Ball 1-1: Foul Ball, location: 2F 1-2: Foul Ball, location: 2F 1-2: Ground out 6-3 (Groundball, 56)
|
Batting: RHB Ichizo Akiyama
|
0-0: Ball 1-0: Foul Ball, location: 2F 1-1: Foul Ball, location: 2F 1-2: Strikes out swinging
|
Top of the 6th over - 0 run(s), 0 hit(s), 0 error(s), 0 left on base; Mt Pleasant 1 - Penquannock 1 |
BOTTOM OF THE 6TH |
Penquannock Overrated Jeter batting - Pitching for Mt Pleasant Bearcats : RHP Matt Stevenson
|
Batting: RHB Manny Perea
|
0-0: Foul Ball, location: 2F 0-1: Called Strike 0-2: Ball 1-2: SINGLE (Line Drive, 6MD)
|
Batting: LHB Matt Reese
|
0-0: Ball 1-0: Fly out, F7 (Line Drive, 7)
|
Batting: RHB Barton Frazier
|
0-0: Called Strike 0-1: Ball 1-1: Fly out, F7 (Flyball, 78S)
|
Batting: SHB Tim Reid
|
0-0: Ball 1-0: Ball 2-0: Ball 3-0: Base on Balls Manny Perea to second
|
Batting: SHB Bob Noble
|
0-0: Called Strike 0-1: Ball 1-1: Ball 2-1: DOUBLE (Line Drive, 9LM) Manny Perea scores Tim Reid to third
|
Batting: RHB Doug Brown
|
0-0: Foul Ball, location: 2F 0-1: Ball 1-1: Called Strike 1-2: Strikes out swinging
|
Bottom of the 6th over - 1 run(s), 2 hit(s), 0 error(s), 2 left on base; Mt Pleasant 1 - Penquannock 2 |
TOP OF THE 7TH |
Mt Pleasant Bearcats batting - Pitching for Penquannock Overrated Jeter : LHP Jason Simpson
|
Batting: RHB Jeffrey Hicks
|
0-0: Ball 1-0: Called Strike 1-1: SINGLE (Line Drive, 89S)
|
Batting: RHB Carlos López
|
0-0: Ball 1-0: Foul Ball, location: 2F 1-1: Ground out 3-1 (Groundball, 34S) Jeffrey Hicks to second
|
Batting: RHB Ryosei Yamamoto
|
0-0: Swinging Strike 0-1: Ball 1-1: Foul Ball, location: 2F 1-2: Foul Ball, location: 2F 1-2: Ball 2-2: Strikes out swinging
|
Batting: RHB Pat Fernández
|
0-0: Foul Ball, location: 2F 0-1: SINGLE (Line Drive, 4D) Jeffrey Hicks to third
|
Batting: RHB Patrick Potts
|
0-0: Swinging Strike 0-1: Ball 1-1: Called Strike 1-2: Strikes out swinging
|
Top of the 7th over - 0 run(s), 2 hit(s), 0 error(s), 2 left on base; Mt Pleasant 1 - Penquannock 2 |
BOTTOM OF THE 7TH |
Penquannock Overrated Jeter batting - Pitching for Mt Pleasant Bearcats : RHP Matt Stevenson
|
Batting: RHB Armando Pagán
|
0-0: Called Strike 0-1: Swinging Strike 0-2: SINGLE (Groundball, 6D)
|
Batting: LHB Pete Weber
|
0-0: Ball 1-0: Ball 2-0: Called Strike 2-1: Ball 3-1: Base on Balls Armando Pagán to second
|
Batting: LHB Tony Green
|
0-0: Ball 1-0: Ball 2-0: Called Strike 2-1: Swinging Strike 2-2: Ball 3-2: Base on Balls Armando Pagán to third Pete Weber to second
|
Batting: RHB Manny Perea
|
0-0: Ball 1-0: Ball 2-0: Fly out, F6 (Popup, 6MS)
|
Batting: LHB Matt Reese
|
0-0: Fly out, F8 (Flyball, 8LM) Runner from 3rd tags up, SCORES, no throw
|
Batting: RHB Barton Frazier
|
0-0: SINGLE (Flyball, 6MD) Pete Weber to third Tony Green to second Runner from 3rd tries for Home, SAFE, throw made home Tony Green to third Barton Frazier to second
|
Pitching: LHP Bob Quested
|
|
Batting: SHB Tim Reid
|
0-0: Ball 1-0: SINGLE (Groundball, 56D) Tony Green scores Barton Frazier to third Runner from 3rd tries for Home, SAFE, no throw
|
Batting: SHB Bob Noble
|
0-0: Ball 1-0: Fly out, F3 (Line Drive, 3S)
|
Bottom of the 7th over - 4 run(s), 3 hit(s), 0 error(s), 1 left on base; Mt Pleasant 1 - Penquannock 6 |
TOP OF THE 8TH |
Mt Pleasant Bearcats batting - Pitching for Penquannock Overrated Jeter : LHP Jason Simpson
|
Batting: RHB Ramiro Chávez
|
0-0: Ball 1-0: Ball 2-0: Ball 3-0: Base on Balls
|
Batting: RHB Ricardo Salazar
|
0-0: Fly out, F9 (Line Drive, 9)
|
Batting: SHB Roberto Rivera
|
0-0: Swinging Strike 0-1: Foul Ball, location: 2F 0-2: Strikes out swinging
|
Batting: RHB Ichizo Akiyama
|
0-0: Swinging Strike 0-1: Foul Ball, location: 2F 0-2: Ball 1-2: Ball 2-2: Foul Ball, location: 2F 2-2: Strikes out looking
|
Top of the 8th over - 0 run(s), 0 hit(s), 0 error(s), 1 left on base; Mt Pleasant 1 - Penquannock 6 |
BOTTOM OF THE 8TH |
Penquannock Overrated Jeter batting - Pitching for Mt Pleasant Bearcats : LHP Bob Quested
|
Batting: RHB Doug Brown
|
0-0: Ball 1-0: Called Strike 1-1: Foul Ball, location: 2F 1-2: Strikes out looking
|
Batting: RHB Armando Pagán
|
0-0: Ground out 1-3 (Groundball, 13)
|
Batting: LHB Pete Weber
|
0-0: Ball 1-0: Ball 2-0: Called Strike 2-1: Ball 3-1: SINGLE (Line Drive, 34D)
|
Batting: LHB Tony Green
|
0-0: Called Strike 0-1: Foul Ball, location: 2F 0-2: Fielders Choice at 2nd, 6-4 (Groundball, 6)
|
Bottom of the 8th over - 0 run(s), 1 hit(s), 0 error(s), 0 left on base; Mt Pleasant 1 - Penquannock 6 |
TOP OF THE 9TH |
Mt Pleasant Bearcats batting - Pitching for Penquannock Overrated Jeter : LHP Jason Simpson
|
Batting: RHB Jeffrey Hicks
|
0-0: Ball 1-0: Called Strike 1-1: Hit by Pitch
|
Batting: RHB Carlos López
|
0-0: Ball 1-0: Ball 2-0: Foul Ball, location: 2F 2-1: SINGLE (Groundball, 2R) (infield hit) Jeffrey Hicks to second
|
Batting: RHB Ryosei Yamamoto
|
0-0: 3-RUN HOME RUN (Flyball, 7D), Distance : 383 ft
|
Batting: RHB Pat Fernández
|
0-0: Foul Ball, location: 2F 0-1: Foul Ball, location: 2F 0-2: Ground out 5-3 (Groundball, 56S)
|
Batting: RHB Patrick Potts
|
0-0: SINGLE (Line Drive, 8LS)
|
Batting: RHB Ramiro Chávez
|
0-0: SINGLE (Flyball, 8RS) Patrick Potts to second Runner from 2nd tries for 3rd, SAFE, throw made to third Ramiro Chávez to second
|
Batting: RHB Ricardo Salazar
|
0-0: Ball 1-0: Foul Ball, location: 2F 1-1: Foul Ball, location: 2F 1-2: Foul Ball, location: 2F 1-2: Foul Ball, location: 2F 1-2: Ball 2-2: Strikes out swinging
|
Pitching: RHP Joaquín Rojas
|
|
Batting: SHB Roberto Rivera
|
0-0: Called Strike 0-1: Ball 1-1: Ball 2-1: Called Strike 2-2: Strikes out swinging
|
Top of the 9th over - 3 run(s), 4 hit(s), 0 error(s), 2 left on base; Mt Pleasant 4 - Penquannock 6 |
|